Map: Temple gelé

Players

Galanaelle - Winner!

  • Race: Zerg Zerg
  • League: Platinum

Miko

  • Race: Terran Terran
  • League: Diamond

VOD

Have the link to the VOD?

Description

Time

  • Played on: June 10, 2016, 4:24 p.m.
  • Length: 15:24
Show
View Real Time Build Order
Export as new Build Order

Galanaelle Zerg - Winner!

Build Orders: Hatch First 

Get SALT Encoding   

  12  0:01  Drone  
  13  0:13  Overlord  
  13  0:18  Drone  
  14  0:32  Drone x2  
  16  0:36  Drone  
  17  0:53  Hatchery  
  17  0:56  Drone  
  17  1:00  Drone  
  18  1:13  Spawning Pool  
  18  1:16  Extractor  
  16  1:27  Overlord  
  16  1:28  Drone  
  17  1:40  Drone  
  17  1:41  Drone  
  19  2:00  Queen  
  21  2:01  Zergling x4  
  21  2:05  Queen  
  21  2:06  Drone  
  26  2:16  Metabolic Boost  
  26  2:18  Drone x2  
  28  2:26  Extractor  
  27  2:31  Drone x2  
  29  2:38  Queen  
  29  2:41  Overlord  
  31  2:48  Queen  
  33  2:59  Drone x3  
  33  3:00  Drone  
  37  3:10  Drone x3  
  40  3:19  Overlord  
  40  3:30  Lair  
  40  3:31  Pneumatized Carapace  
  40  3:38  Baneling Nest  
  39  3:41  Drone x3  
  39  3:42  Drone  
  43  4:03  Drone x2  
  43  4:04  Drone x7  
  51  4:19  Evolution Chamber x2  
  49  4:26  Hatchery  
  49  4:29  Queen  
  49  4:30  Queen  
  52  4:36  Extractor x2  
  50  4:41  Spire  
  49  4:52  Overlord x2  
  49  4:55  Zerg Melee Weapons Level 1, Zerg Ground Armor Level 1  
  49  5:18  Overlord x2  
  50  5:21  Drone  
  50  5:22  Drone x9  
  59  5:35  Centrifical Hooks  
  59  5:37  Drone x3  
  59  5:38  Drone x2  
  64  6:03  Zerg Flyer Weapons Level 1  
  64  6:10  Corruptor x4  
  72  6:11  Hatchery  
  71  6:29  Zergling x22  
  71  6:30  Zergling x6  
  77  6:40  Zergling x4  
  77  6:41  Zergling x4  
  81  6:50  Baneling  
  81  6:51  Baneling x12  
  81  7:08  Drone x3  
  82  7:09  Overlord x2  
  82  7:10  Overlord x3  
  84  7:30  Hatchery  
  73  8:02  Drone x2  
  73  8:03  Drone x12  
  87  8:15  Hatchery  
  87  8:18  Zerg Melee Weapons Level 2  
  87  8:19  Zerg Ground Armor Level 2  
  86  8:27  Extractor  
  86  8:28  Corruptor  
  86  8:29  Corruptor x3  
  86  8:30  Extractor  
  86  8:31  Corruptor  
  94  8:47  Zerg Flyer Weapons Level 2  
  94  8:49  Zergling x2  
  94  8:50  Zergling x12  
  101  9:00  Spore Crawler  
  100  9:08  Zergling x6  
  100  9:09  Zergling x16  
  111  9:28  Infestation Pit  
  110  9:32  Baneling  
  110  9:34  Baneling x4  
  110  9:36  Overseer x4  
  110  9:42  Drone  
  110  9:43  Drone x14  
  107  10:01  Zergling x2  
  107  10:02  Zergling x24  
  113  10:08  Zergling x8  
  113  10:13  Queen  
  117  10:27  Zergling x2  
  117  10:28  Zergling x24  
  129  10:31  Baneling x4  
  129  10:32  Baneling x8  
  130  10:43  Overlord  
  130  10:44  Overlord x4  
  130  10:53  Zergling x2  
  130  10:54  Zergling x6  
  134  10:59  Hive  
  134  11:06  Drone x5  
  134  11:07  Drone  
  134  11:09  Extractor x2  
  134  11:11  Spore Crawler  
  137  11:23  Overlord x2  
  137  11:24  Overlord x2  
  124  11:49  Drone x3  
  124  11:51  Drone  
  128  12:00  Queen  
  130  12:04  Corruptor x3  
  130  12:05  Zergling x28  
  130  12:06  Zergling x10  
  155  12:15  Hatchery  
  154  12:20  Baneling  
  154  12:21  Baneling x23  
  154  12:42  Zerg Melee Weapons Level 3, Zerg Ground Armor Level 3  
  154  12:43  Adrenal Glands  
  154  12:46  Ultralisk Cavern  
  154  12:47  Zerg Flyer Weapons Level 3  
  154  12:50  Extractor  
  152  12:52  Extractor  
  152  12:58  Zergling x2  
  152  12:59  Zergling x34  
  152  13:01  Baneling x16  
  152  13:02  Baneling x3  
  122  13:38  Zergling x2  
  122  13:39  Zergling x32  
  117  14:11  Zergling x2  
  117  14:12  Zergling x32  
  117  14:15  Extractor  
  117  14:16  Hatchery, Extractor  
  128  14:28  Ultralisk x5  
  158  14:32  Baneling x2  
  158  14:33  Baneling x12  
Show
View Real Time Build Order
Export as new Build Order

Miko Terran 

Build Orders: Bio Tank 

Get SALT Encoding   

  12  0:01  SCV  
  14  0:18  Supply Depot  
  14  0:24  SCV  
  14  0:36  SCV  
  15  0:43  Barracks  
  15  0:48  SCV  
  15  0:49  Refinery  
  16  1:01  SCV  
  17  1:13  SCV  
  18  1:25  SCV  
  19  1:30  Marine  
  20  1:37  Orbital Command  
  20  1:48  Command Center  
  20  1:57  Barracks Reactor  
  20  2:04  SCV  
  20  2:08  Supply Depot  
  21  2:16  SCV  
  21  2:21  Factory  
  22  2:30  Bunker  
  22  2:33  SCV  
  22  2:34  Marine x2  
  25  2:44  Barracks  
  25  2:46  SCV  
  26  2:51  Refinery  
  26  2:52  Marine  
  26  2:53  Marine  
  28  3:03  SCV  
  28  3:04  SCV  
  30  3:06  Factory Tech Lab  
  30  3:15  Refinery, Marine x2  
  30  3:17  SCV  
  30  3:18  SCV  
  34  3:27  Siege Tank  
  34  3:32  Barracks Tech Lab  
  37  3:40  Supply Depot  
  37  3:42  SCV x2  
  37  3:45  Starport  
  37  3:48  Barracks Tech Lab  
  39  3:56  SCV  
  39  3:57  SCV  
  39  3:58  Marine x2  
  43  4:07  Supply Depot  
  43  4:10  Marine, Stimpack  
  43  4:13  SCV x2  
  46  4:17  Marine x2  
  48  4:24  Engineering Bay  
  48  4:27  SCV x2  
  48  4:29  Starport Reactor  
  50  4:36  Supply Depot, Refinery  
  50  4:39  SCV  
  50  4:41  SCV  
  50  4:42  Marine  
  50  4:43  Marine  
  50  4:44  Marine  
  55  4:54  Terran Infantry Weapons Level 1  
  55  4:55  SCV x2  
  57  5:07  Medivac x2  
  61  5:17  Barracks  
  61  5:18  SCV  
  61  5:20  Factory  
  63  5:22  Orbital Command  
  62  5:31  Engineering Bay  
  62  5:42  SCV  
  63  5:54  Marine x3  
  66  6:00  Terran Infantry Armor Level 1  
  66  6:01  Command Center  
  66  6:02  Armory  
  66  6:07  Supply Depot  
  66  6:08  Supply Depot, Barracks Reactor  
  66  6:09  Factory Tech Lab  
  66  6:10  Supply Depot  
  66  6:15  Marine x3  
  69  6:24  Combat Shields  
  69  6:26  SCV  
  69  6:29  SCV  
  71  6:33  Marine x2  
  71  6:34  Siege Tank  
  76  6:47  Viking x2  
  80  7:07  SCV x2  
  82  7:09  Marine x5  
  82  7:11  Siege Tank  
  90  7:17  Medivac x2  
  94  7:24  Siege Tank  
  94  7:26  Marine  
  94  7:29  SCV x2  
  100  7:34  Supply Depot  
  100  7:38  Supply Depot  
  100  7:46  Refinery  
  99  7:54  Liberator  
  80  8:08  Marine  
  80  8:09  Marine x4  
  80  8:11  Medivac  
  90  8:13  Siege Tank  
  93  8:25  SCV x2  
  93  8:26  Terran Infantry Weapons Level 2, Marine x3  
  93  8:27  Marine  
  97  8:32  Terran Infantry Armor Level 2  
  99  8:36  Terran Vehicle Weapons Level 1  
  99  8:37  Liberator  
  99  8:41  Medivac  
  99  8:44  Planetary Fortress  
  99  8:47  SCV x2  
  106  9:02  Marine x5  
  111  9:03  Siege Tank  
  111  9:06  SCV x2  
  116  9:18  SCV  
  116  9:19  Marine  
  116  9:21  Marauder  
  116  9:22  Siege Tank  
  123  9:29  Supply Depot x2, Refinery  
  123  9:31  Refinery  
  123  9:33  Liberator  
  105  10:04  Marine x5  
  83  10:17  SCV  
  83  10:18  SCV x2  
  83  10:19  Barracks  
  83  10:20  Barracks  
  84  10:21  Barracks, Marine  
  84  10:22  Marine x4  
  84  10:28  Siege Tank x2  
  95  10:30  SCV  
  95  10:34  SCV x2  
  98  10:39  Marine x2  
  98  10:40  Marine x3  
  98  10:42  SCV  
  104  10:46  Supply Depot  
  104  10:47  Supply Depot, Medivac x2  
  108  10:50  Supply Depot  
  108  10:52  Terran Infantry Weapons Level 3  
  108  10:57  Marine x4  
  108  10:58  Marine  
  108  11:00  Siege Tank x2  
  119  11:08  Barracks Reactor x2  
  119  11:15  Marine x2  
  121  11:22  Marine x2  
  121  11:24  Barracks Reactor  
  123  11:25  Liberator  
  123  11:32  Siege Tank x2  
  129  11:40  Command Center, Marine x3  
  129  11:41  Marine  
  136  11:52  Marine x3  
  136  11:53  Marine  
  140  11:54  Marine  
  141  12:04  Siege Tank x2, Marine x4  
  141  12:05  Marine x2  
  141  12:07  Terran Infantry Armor Level 3  
  153  12:09  Terran Vehicle Weapons Level 2  
  153  12:17  SCV  
  153  12:18  SCV x2  
  153  12:19  Marine  
  153  12:20  Marine x3  
  160  12:33  Marine x2  
  160  12:34  Marine x3  
  165  12:43  Supply Depot  
  165  12:44  Supply Depot  
  165  12:45  Supply Depot  
  165  12:47  Supply Depot  
  165  12:51  Marine x7  
  111  13:38  Marine x3  
  111  13:39  Marine x8  
  86  13:49  Siege Tank x2  
  86  13:52  SCV x3  
  95  13:56  Marine x4  
  99  14:07  Marine x2  
  95  14:16  Marine x4  
  95  14:17  Marine  
  84  14:21  Siege Tank  
  84  14:23  Siege Tank  
  91  14:35  Command Center  
  90  14:48  Marine x5  
  90  14:49  Marine x3  
  90  14:52  SCV x2  
  100  14:54  Marine  
Tags
 
Add a new tag
Caveats
  • Supply blocks, unpowered buildings, or Contaminate may cause inaccurate times.
  • Supply counts are checked every 10 seconds.